AoeStats
← ronadinio

Arabia

509495665Analyzed
1v1 RM · 4d ago on Sep 27, 2026· 24m 18s· 2 players
Game mode
Random Map
Map size
Tiny (2 player)
Population
200
Speed
Normal
Resources
Standard
Victory
Conquest
Starting age
Dark Age
Ending age
Imperial Age
RankedLock teamsTeams togetherTeam positionsShared explorationLock speedFull tech treeHidden civsTurbo modeCheats
Victory
Defeat
🇹🇷 Spanish · Türkiye
1004
+15
🇨🇳 Ethiopians · China
974
-15
阿基米德
9:33 Feudal Age
10:30 Loom
16:04 Double-Bit Axe
18:58 Castle Age
19:03 Crossbowman
19:49 Thumb Ring
19:57 Husbandry
20:21 Gold Mining
ronadinio
7:02 Loom
9:49 Feudal Age
16:12 Castle Age
17:24 Double-Bit Axe
19:39 Horse Collar
25:22 Wheelbarrow
Connection lost

Rejoining the realm…

Still unreachable

The connection could not be restored.

Session expired

The server has moved on; the page needs a fresh start.